 Dungeon Crawl Stone Soup version 0.20-a0-4-gd166d5d (webtiles) character file.

2054 Kaname the Tainter (level 9, -12/57 HPs)
             Began as a Demonspawn Venom Mage on Oct 31, 2016.
             Mangled by an orc warrior
             ... wielding a +0 battleaxe
              (16 damage)
             ... on level 7 of the Dungeon.
             The game lasted 00:25:22 (8000 turns).

Kaname the Tainter (Demonspawn Venom Mage)          Turns: 8000, Time: 00:25:22

Health: -12/57     AC:  6    Str:  8    XL:     9   Next: 5%
Magic:  13/13      EV: 13    Int: 20    God:
Gold:   389        SH:  0    Dex: 14    Spells: 4 memorised, 1 level left

rFire  + . .     SeeInvis .     h - -1 hunting sling
rCold  . . .     Gourm    .     a - +0 robe
rNeg   . . .     Faith    +     (no shield)
rPois  .         Spirit   .     t - +0 helmet (curse)
rElec  .         Reflect  .     (no cloak)
rCorr  .         Harm     .     (no gloves)
MR     .....                    x - +0 pair of boots
Stlth  ++........               l - amulet of faith
                                D - +1 ring of evasion
                                j - ring of protection from fire

@: no status effects
A: talons 2, icy blue scales 1, powered by death 1, spiny 1
a: no special abilities


You were on level 7 of the Dungeon.
You were not hungry.

You visited 2 branches of the dungeon, and saw 8 of its levels.
You also visited: Sewer.

You collected 389 gold pieces.

Inventory:

Hand Weapons
 h - a -1 hunting sling (weapon)
 u - a +0 trident
Missiles
 m - 2 javelins
 s - 56 sling bullets (quivered)
Armour
 a - a +0 robe (worn)
 t - a cursed +0 helmet (worn)
 x - a +0 pair of boots (worn)
Jewellery
 j - a ring of protection from fire (left hand)
 l - an amulet of faith (around neck)
 D - a +1 ring of evasion (right hand)
Wands
 o - a wand of random effects (11/48)
 v - a wand of disintegration (17/24)
 A - a wand of slowing (25/48)
 B - a wand of iceblast (5/15)
 F - a wand of paralysis (7/24)
Scrolls
 e - 3 scrolls of fog
 n - 4 scrolls of remove curse
 p - a scroll of blinking
 q - a scroll of amnesia
 y - 2 scrolls of magic mapping
 C - a scroll of fear
Potions
 d - 2 potions of flight
 i - a potion of berserk rage
 r - a potion of lignification
 w - a potion of mutation {unknown}
 z - a potion of invisibility {unknown}
Comestibles
 c - 3 bread rations
 f - 2 fruits
 g - 4 beef jerkies
 k - a meat ration


   Skills:
 - Level 1.7 Dodging
 - Level 1.7 Stealth
 - Level 3.0 Spellcasting
 - Level 8.2 Conjurations
 - Level 2.4 Air Magic
 + Level 8.5 Poison Magic


You had one spell level left.
You knew the following spells:

 Your Spells              Type           Power        Failure   Level  Hunger
a - Sting                 Conj/Pois      ####         1%          1    None
b - Mephitic Cloud        Conj/Pois/Air  ####....     3%          3    ###....
c - Olgreb's Toxic Radia  Pois           #####...     6%          4    ####...
d - Venom Bolt            Conj/Pois      #####.....   14%         5    ######.


Dungeon Overview and Level Annotations

Branches:
Dungeon (7/15)             Temple (1/1) D:4

Altars:
Ashenzari
Cheibriados
Dithmenos
Elyvilon
Fedhas
Gozag
Kikubaaqudgha
Makhleb
Nemelex Xobeh
Qazlal
Ru
Trog
Xom
Yredelemnul
The Shining One


Innate Abilities, Weirdness & Mutations

You have razor-sharp toenails.
You are partially covered in icy blue scales. (AC +2)
You regenerate a little health from kills.
You are partially covered in sharp spines.


Message History

The orc warrior misses you.
The orc warrior is struck by your spines.
The orc warrior barely misses you.
The orc warrior is struck by your spines.
The orc warrior barely misses you. The orc warrior closely misses you.
An orc comes into view. It is wielding a club.
The orc warrior hits you with a battleaxe.
The orc warrior hits you with a battleaxe!
The orc warrior hits you with a battleaxe!!
The orc warrior barely misses you.
The orc warrior is struck by your spines.
The orc warrior hits you with a battleaxe.
The orc warrior hits you with a battleaxe!!
* * * LOW HITPOINT WARNING * * *
An orc comes into view. It is wielding a dagger.
The orc shouts!
The orc warrior is struck by your spines.
The orc warrior hits you with a battleaxe!
You die...

#....#.# #......#
#....#.#
#..#.#.####.# #
#...........# #.
#.#.#.#########
####.##.............#
..........##.####.###
..........#.ooo@....#
..........#..####..##
..........#..# #..#
########..#..# #..#
####### #.....# #..#
[.....# #...#.# #..#
####### #.....# #..#
######..#######..#
#.#..)..#........#


You could see an orc warrior and 2 orcs.

Vanquished Creatures
  Prince Ribbit (D:5)
  Eustachio (D:4)
  Menkaure (D:6)
  An orc warrior (D:6)
  An ice beast (D:5)
  An ogre (D:6)
  A phantom (D:6)
  4 bullfrogs
  2 howler monkeys
  2 crimson imps (D:6)
  A quasit (D:5)
  4 orc priests
  2 jellies
  A bullfrog skeleton (D:7)
  4 orc wizards
  2 iguanas
  6 worker ants
  2 worker ant zombies (D:6)
  3 gnolls (D:7)
  13 adders
  2 oozes
  An adder zombie (D:6)
  4 worms
  2 leopard geckos
  22 orcs
  4 ball pythons
  5 giant cockroaches
  8 goblins
  6 hobgoblins
  10 jackals
  8 kobolds
  2 quokkas
  5 bats
  14 frilled lizards
  8 rats
154 creatures vanquished.

Notes
Turn   | Place    | Note
-------+----------+-------------------------------------------
     0 | D:1      | Kaname the Demonspawn Venom Mage began the quest for the Orb.
     0 | D:1      | Reached XP level 1. HP: 13/13 MP: 3/3
    61 | D:1      | Reached skill level 1 in Conjurations
   639 | D:1      | Gained mutation: You have sharp toenails. [demonic ancestry]
   639 | D:1      | Reached XP level 2. HP: 15/19 MP: 5/5
  1355 | D:1      | Gained mutation: You have razor-sharp toenails. [demonic ancestry]
  1355 | D:1      | Reached XP level 3. HP: 24/24 MP: 1/6
  2220 | D:2      | Reached XP level 4. HP: 26/30 MP: 2/7
  2506 | D:2      | Found a glowing golden altar of the Shining One.
  2590 | D:2      | Learned a level 3 spell: Mephitic Cloud
  3021 | D:3      | Found a faded altar of an unknown god.
  3152 | D:3      | Found a blossoming altar of Fedhas.
  3210 | D:3      | Found a glowing drain.
  3240 | Sewer    | Entered a sewer
  3329 | Sewer    | Reached XP level 5. HP: 35/35 MP: 5/9
  3505 | Sewer    | Reached skill level 1 in Air Magic
  4036 | Sewer    | Gained mutation: You are partially covered in sharp spines. [demonic ancestry]
  4036 | Sewer    | Reached XP level 6. HP: 41/41 MP: 1/10
  4553 | D:4      | Noticed Eustachio
  4568 | D:4      | Killed Eustachio
  4568 | D:4      | Reached skill level 5 in Poison Magic
  4680 | D:4      | Learned a level 4 spell: Olgreb's Toxic Radiance
  4837 | D:4      | Gained mutation: You regenerate a little health from kills. [demonic ancestry]
  4837 | D:4      | Reached XP level 7. HP: 41/46 MP: 7/11
  4880 | D:4      | Found a staircase to the Ecumenical Temple.
  4911 | Temple   | Entered the Ecumenical Temple
  5435 | D:5      | Entered Level 5 of the Dungeon
  5554 | D:5      | Reached skill level 5 in Conjurations
  5680 | D:5      | Noticed Prince Ribbit
  5982 | D:5      | Killed Prince Ribbit
  5982 | D:5      | Reached XP level 8. HP: 43/52 MP: 5/12
  7176 | D:6      | Noticed Menkaure
  7414 | D:6      | Killed Menkaure
  7423 | D:6      | Learned a level 5 spell: Venom Bolt
  7828 | D:7      | Gained mutation: You are partially covered in icy blue scales. (AC +2) [demonic ancestry]
  7828 | D:7      | Reached XP level 9. HP: 57/57 MP: 4/13
  8000 | D:7      | Mangled by an orc warrior

Vault maps used:
D:1:      roderic_crop_circles_arrival_small, serial_corexii_hall,
          corexii_hall_statues_t, corexii_hall_statues_t,
          corexii_hall_statues_l, nrook_mini_vaults, minmay_liquid_box,
          minmay_misc_feat_plants
D:2:      minmay_misc_feat_pillars, grunt_ministairs_9, tso_altar
D:3:      lightli_sewer_entry_pipes, ecumenical_altar_2, fedhas_altar_3
D:4:      first_bread, uniq_eustachio
D:5:      uniq_prince_ribbit1
D:6:      uniq_menkaure
Temple:   jpeg_temple_clearing
Sewer:    sewer_frog_island_01

Skill      XL: |  1  2  3  4  5  6  7  8 |
---------------+-------------------------+-----
Conjurations   | 1 2 3 4 6 8 |  8.2
Spellcasting   | 3 |  3.0
Air Magic      | 2 |  2.4
Poison Magic   | 6 7 8 |  8.5
Dodging        | |  1.7
Stealth        | |  1.7

Action                   |  1- 3 |  4- 6 |  7- 9 || total
-------------------------+-------+-------+-------++-------
Melee: Unarmed           |    12 |       |       ||    12
       Hunting sling     |       |     3 |     5 ||     8
       Kick              |       |     1 |       ||     1
 Fire: Hunting sling     |   115 |   169 |   186 ||   470
 Cast: Sting             |    56 |    67 |    50 ||   173
       Mephitic Cloud    |       |     2 |     1 ||     3
       Olgreb's Toxic Ra |       |       |    10 ||    10
Evoke: Wand              |       |     1 |    12 ||    13
  Use: Scroll            |       |     6 |     6 ||    12
       Potion            |       |     1 |       ||     1
  Eat: Chunk             |     5 |     8 |    11 ||    24
       Fruit             |       |     1 |       ||     1
Armor: Robe              |    24 |    19 |    18 ||    61
Dodge: Dodged            |    50 |    70 |    52 ||   172
